 Dungeon Crawl Stone Soup version 0.20.1-1-g8b1a95d (webtiles) character file.

782 Ladykiller69 the Bolt Thrower (level 8, -2/61 HPs)
             Began as a Formicid Hunter on July 26, 2017.
             Was a Believer of Cheibriados.
             Slain by a sky beast (6 damage)
             ... on level 5 of the Dungeon.
             The game lasted 00:09:56 (5214 turns).

Ladykiller69 the Bolt Thrower (Formicid Hunter)     Turns: 5214, Time: 00:09:58

Health: -2/61      AC: 11    Str: 21 (23) XL:     8   Next: 11%
Magic:  16/16      EV:  7    Int: 16 (17) God:    Cheibriados [**....]
Gold:   255        SH:  0    Dex: 15 (16) Spells: 7/7 levels left

rFire    . . .     SeeInvis +   a - +0 hand axe
rCold    . . .     Gourm    .   (no shield)
rNeg     . . .     Faith    .   y - +0 plate armour
rPois    .         Spirit   .   (helmet unavailable)
rElec    .         Reflect  .   (no cloak)
rCorr    .         Harm     .   (no gloves)
MR       +....                  (no boots)
Stlth    ..........             (no amulet)
Regen    0.2/turn               (no ring)
MPRegen  0.2/turn               u - ring of magical power

@: drained, very slow
A: permanent stasis, dig shafts and tunnels, four strong arms, antennae 3,
talons 1, low mp 1, magic resistance 1
a: Dig, Shaft Self, Bend Time, Renounce Religion


You were on level 5 of the Dungeon.
You worshipped Cheibriados.
Cheibriados was pleased with you.
You were not hungry.

You visited 2 branches of the dungeon, and saw 6 of its levels.

You collected 255 gold pieces.

Inventory:

Hand Weapons
 a - a +0 hand axe (weapon)
 g - a +0 short sword
 w - a +1 hand crossbow
Missiles
 d - 33 bolts
 i - 3 javelins (quivered)
Armour
 c - a +0 leather armour
 m - a +0 chain mail
 r - a +3 ring mail
 y - a +0 plate armour (worn)
Jewellery
 u - a ring of magical power (right hand)
 C - an uncursed ring of protection from magic {unknown}
 F - an uncursed amulet of harm
Wands
 v - a wand of iceblast (5/15)
 E - a wand of polymorph (4/24)
Scrolls
 b - 2 scrolls of teleportation {unknown}
 h - a scroll of remove curse
 k - a scroll of random uselessness {unknown}
 l - 3 scrolls of identify {unknown}
 n - 2 scrolls of amnesia {unknown}
 p - a scroll of enchant weapon {unknown}
 t - a scroll of enchant armour {unknown}
 G - a scroll of immolation {unknown}
Potions
 e - 2 potions of mutation
 q - a potion of berserk rage
 A - a potion of agility {unknown}
 D - a potion of cancellation {unknown}
 H - a potion of lignification {unknown}
 I - a potion of heal wounds
 J - a potion of curing
Comestibles
 f - 5 bread rations
 j - a royal jelly
 o - 2 meat rations
 B - 11 chunks of flesh


   Skills:
 + Level 4.4(3.7) Fighting
 * Level 4.5(3.7) Axes
 + Level 5.3(4.5) Crossbows
 + Level 3.5(2.8) Armour
 + Level 3.4(2.7) Dodging
 - Level 1.2(0.5) Stealth


You had 7 spell levels left.
You didn't know any spells.

Dungeon Overview and Level Annotations

Branches:
Dungeon (5/15)             Temple (1/1) D:4

Altars:
Ashenzari
Cheibriados
Dithmenos
Elyvilon
Hepliaklqana
Kikubaaqudgha
Ru
Uskayaw
Vehumet
Xom
Yredelemnul
Zin

Annotations:
D:5 1 runed door


Innate Abilities, Weirdness & Mutations

You cannot be hasted, slowed, berserked, paralysed or teleported.
You can dig through walls and to a lower floor.
Your four strong arms can wield two-handed weapons with a shield.
You have a pair of large antennae on your head. (SInv)
You have sharp toenails.
Your magical capacity is low. (-10% MP)
You are resistant to hostile enchantments. (MR+)


Message History

You closely miss the sky beast.
You claw the sky beast, but do no damage.
The sky beast is severely wounded.
The sky beast hits you but does no damage.
You barely miss the sky beast.
The sky beast is severely wounded.
The sky beast hits you.
* * * LOW HITPOINT WARNING * * *
The sky beast shocks you.
* * * LOW HITPOINT WARNING * * *
You barely miss the sky beast. Your kick misses the sky beast.
The sky beast is severely wounded.
The sky beast hits you but does no damage.
You hit the sky beast but do no damage.
You claw the sky beast, but do no damage.
The sky beast is severely wounded.
The sky beast hits you.
* * * LOW HITPOINT WARNING * * *
The sky beast shocks you.
You die...

......................#
....##...###...###...##
....##...# #+#####+###
.....#...+ ..(?$#
.....#...# ....#
.....#...# ...# .....#
..+ .....# #Y#####
.....# #@#...# ....##
#.#...# ....# #.#...#
....# #.(...# ....#
#.#...# +#### #.#...#
....# #.#)..#
....######## #..#.##
..)........#####.####


You could see a sky beast.

Vanquished Creatures
  Sigmund (D:5)
  An ice beast (D:4)
  The ghost of Charly the Changer, an amateur CeTm (D:3)
  An orc priest (D:3)
  A bullfrog skeleton (D:4)
  An orc wizard (D:4)
  Jessica (D:3)
  2 iguanas (D:4)
  2 worker ants (D:4)
  A gnoll (D:2)
  8 adders
  6 river rats (D:5)
  An ooze (D:2)
  2 worms
  2 dart slugs
  6 leopard geckos
  8 orcs
  6 bats
  2 gnoll zombies (D:4)
  6 goblins
  4 hobgoblins
  7 jackals
  2 quokkas (D:2)
  3 ball pythons
  5 frilled lizards
  5 kobolds
  26 rats
111 creatures vanquished.

Notes
Turn   | Place    | Note
-------+----------+-------------------------------------------
     0 | D:1      | Ladykiller69 the Formicid Hunter began the quest for the Orb.
     0 | D:1      | Reached XP level 1. HP: 16/16 MP: 1/1
   169 | D:1      | Reached XP level 2. HP: 9/23 MP: 2/2
  1190 | D:2      | Reached XP level 3. HP: 24/28 MP: 3/3
  1209 | D:2      | Found a hazy altar of Hepliaklqana.
  1233 | D:2      | Found an ancient bone altar of Kikubaaqudgha.
  1531 | D:2      | Reached skill level 1 in Axes
  1711 | D:2      | Reached skill level 1 in Armour
  1932 | D:2      | Reached XP level 4. HP: 23/34 MP: 4/4
  1966 | D:3      | Noticed Charly's ghost (amateur CeTm)
  2043 | D:3      | Gained mutation: Your magical capacity is low. (-10% MP) [potion of mutation]
  2043 | D:3      | Gained mutation: You are resistant to hostile enchantments. (MR+) [potion of mutation]
  2043 | D:3      | Gained mutation: You have sharp toenails. [potion of mutation]
  2092 | D:3      | You fall through a shaft for 2 floors!
  2092 | D:5      | Entered Level 5 of the Dungeon
  2357 | D:5      | Found a runed door.
  2371 | D:4      | Found a glowing silver altar of Zin.
  2408 | D:4      | Found a staircase to the Ecumenical Temple.
  2412 | Temple   | Entered the Ecumenical Temple
  2430 | Temple   | Became a worshipper of Cheibriados the Contemplative
  2472 | D:4      | Found a sacrificial altar of Ru.
  2776 | D:4      | Reached XP level 5. HP: 13/41 MP: 4/4
  3383 | D:4      | Reached XP level 6. HP: 47/47 MP: 5/5
  3419 | D:3      | Noticed Jessica
  3421 | D:3      | Killed Jessica
  3466 | D:3      | Reached * piety under Cheibriados
  3619 | D:3      | Killed Charly's ghost
  4288 | D:4      | Reached XP level 7. HP: 53/53 MP: 6/6
  4751 | D:4      | Reached skill level 5 in Crossbows
  4796 | D:4      | Found a basalt altar of Yredelemnul.
  5097 | D:5      | Reached ** piety under Cheibriados
  5150 | D:5      | Noticed Sigmund
  5167 | D:5      | Killed Sigmund
  5167 | D:5      | Reached XP level 8. HP: 21/61 MP: 7/7
  5214 | D:5      | Slain by a sky beast

Skill      XL: |  1  2  3  4  5  6  7 |
---------------+----------------------+-----
Dodging        | 2 3 |  3.4
Axes           | 1 2 3 4 |  4.5
Armour         | 1 2 3 |  3.5
Fighting       | 3 4 |  4.4
Crossbows      | 5 |  5.3
Stealth        | |  1.2

Action                   |  1- 3 |  4- 6 |  7- 9 || total
-------------------------+-------+-------+-------++-------
Melee: Short sword       |    33 |       |       ||    33
       Hand axe          |   107 |   151 |   135 ||   393
       Kick              |       |    41 |    53 ||    94
 Fire: Hand crossbow     |       |     3 |     6 ||     9
 Abil: Dig               |     1 |     3 |     2 ||     6
       Shaft Self        |       |     1 |       ||     1
  Use: Potion            |       |     5 |     4 ||     9
       Scroll            |       |     1 |       ||     1
  Eat: Chunk             |     3 |     8 |     1 ||    12
Armor: Leather armour    |     8 |       |       ||     8
       Chain mail        |    78 |    74 |       ||   152
       Plate armour      |       |    20 |    75 ||    95
Dodge: Dodged            |    88 |    82 |    28 ||   198
